TOP OF THE 1ST |
Gresham Gold Souls batting - Pitching for Vancouver Vipers : RHP Sergio Chávez
|
Pitching: RHP Sergio Chávez
|
|
Batting: LHB Jeff Douglas
|
0-0: Swinging Strike 0-1: Foul Ball, location: 2F 0-2: Ball 1-2: Foul Ball, location: 2F 1-2: Ground out U3 (Groundball, 34S)
|
Batting: RHB Jared Thompson
|
0-0: Swinging Strike 0-1: Foul Ball, location: 2F 0-2: Hit by Pitch
|
Batting: LHB Jeff Forsyth
|
0-0: Ball 1-0: Fly out, F7 (Flyball, 7S)
|
Batting: LHB Nick Scott
|
0-0: Called Strike Jared Thompson steals 2nd base 0-1: Ball 1-1: Ball 2-1: Swinging Strike 2-2: Ball 3-2: Base on Balls
|
Batting: LHB Caleb Hall
|
0-0: Foul Ball, location: 2F 0-1: Ground out 4-3 (Groundball, 4S)
|
Top of the 1st over - 0 runs, 0 hits, 0 errors, 2 left on base; Gresham 0 - Vancouver 0 |
BOTTOM OF THE 1ST |
Vancouver Vipers batting - Pitching for Gresham Gold Souls : RHP Mike Moyer
|
Pitching: RHP Mike Moyer
|
|
Batting: LHB Brian Ford
|
0-0: Swinging Strike 0-1: Ball 1-1: Ground out 4-3 (Groundball, 4S)
|
Batting: RHB Horace Johnson
|
0-0: DOUBLE (Line Drive, 7LM)
|
Batting: RHB Walton Smith
|
0-0: Called Strike 0-1: SINGLE (Flyball, 7S) Horace Johnson to third Runner from 3rd tries for Home, SAFE, no throw
|
Batting: LHB Ernesto Meléndez
|
0-0: SINGLE (Line Drive, 6MD) Walton Smith to second
|
Batting: RHB Lorenzo González
|
0-0: Ball 1-0: Ground out 6-3 (Groundball, 56D) Walton Smith to third Ernesto Meléndez to second
|
Batting: RHB Marvin Workman
|
0-0: SINGLE (Groundball, 4MD) Walton Smith scores Ernesto Meléndez to third Runner from 3rd tries for Home, SAFE, no throw
|
Batting: LHB Mike Williams
|
0-0: Ball 1-0: Ball 2-0: Called Strike 2-1: Ball 3-1: Fly out, F9 (Flyball, 89D)
|
Bottom of the 1st over - 3 runs, 4 hits, 0 errors, 1 left on base; Gresham 0 - Vancouver 3 |
TOP OF THE 2ND |
Gresham Gold Souls batting - Pitching for Vancouver Vipers : RHP Sergio Chávez
|
Batting: LHB Bill Smith
|
0-0: Ball 1-0: Foul Ball, location: 2F 1-1: Ball 2-1: Called Strike 2-2: Strikes out swinging
|
Batting: LHB Millard Dye
|
0-0: Foul Ball, location: 2F 0-1: Foul Ball, location: 2F 0-2: Ball 1-2: Ground out 5-3 (Groundball, 56D)
|
Batting: RHB Mario Méndez
|
0-0: Ball 1-0: Ground out 4-3 (Groundball, 4)
|
Top of the 2nd over - 0 runs, 0 hits, 0 errors, 0 left on base; Gresham 0 - Vancouver 3 |
BOTTOM OF THE 2ND |
Vancouver Vipers batting - Pitching for Gresham Gold Souls : RHP Mike Moyer
|
Batting: RHB Ben Alexander
|
0-0: Called Strike 0-1: Foul Ball, location: 2F 0-2: Strikes out looking
|
Batting: RHB Quincy Vance
|
0-0: Ball 1-0: DOUBLE (Line Drive, 8LXD)
|
Batting: LHB Brian Ford
|
0-0: Called Strike 0-1: Ball 1-1: Swinging Strike 1-2: Ball 2-2: Foul Ball, location: 2F 2-2: Reached on error, E3 (Groundball, 34S) Quincy Vance to third
|
Batting: RHB Horace Johnson
|
0-0: Called Strike 0-1: Ball 1-1: Swinging Strike 1-2: Strikes out looking
|
Batting: RHB Walton Smith
|
0-0: Ball 1-0: Called Strike 1-1: Ball 2-1: Called Strike 2-2: Ball 3-2: Foul Ball, location: 2F 3-2: Ground out 5-3 (Groundball, 56)
|
Bottom of the 2nd over - 0 runs, 1 hit, 1 error, 2 left on base; Gresham 0 - Vancouver 3 |
TOP OF THE 3RD |
Gresham Gold Souls batting - Pitching for Vancouver Vipers : RHP Sergio Chávez
|
Batting: RHB David Hernández
|
0-0: Ball 1-0: SINGLE (Groundball, 34D)
|
Batting: LHB Jeff Douglas
|
0-0: Swinging Strike 0-1: SINGLE (Flyball, 89M) David Hernández to second Runner from 2nd tries for 3rd, SAFE, no throw
|
Batting: RHB Jared Thompson
|
0-0: Ball 1-0: Ball 2-0: Ball 3-0: Called Strike 3-1: Foul Ball, location: 2F 3-2: Foul Ball, location: 2F 3-2: Foul Ball, location: 2F 3-2: SINGLE (Groundball, 25) (infield hit) David Hernández scores Jeff Douglas to second
|
Batting: LHB Jeff Forsyth
|
0-0: Ball 1-0: Called Strike 1-1: Foul Ball, location: 2F 1-2: Ball 2-2: SINGLE (Groundball, 6MD) Jeff Douglas to third Jared Thompson to second Throwing error, E8 Jeff Douglas scores Jared Thompson to third Jeff Forsyth to second
|
Batting: LHB Nick Scott
|
0-0: Ball 1-0: Ball 2-0: Ball 3-0: Called Strike 3-1: Base on Balls
|
Batting: LHB Caleb Hall
|
0-0: Ball 1-0: Grounds into double play, 3-6-3 (Groundball, 3) Jared Thompson scores Jeff Forsyth to third
|
Batting: LHB Bill Smith
|
0-0: Called Strike 0-1: Foul Ball, location: 2F 0-2: Strikes out swinging, 2-3 out at first.
|
Top of the 3rd over - 3 runs, 4 hits, 1 error, 1 left on base; Gresham 3 - Vancouver 3 |
BOTTOM OF THE 3RD |
Vancouver Vipers batting - Pitching for Gresham Gold Souls : RHP Mike Moyer
|
Batting: LHB Ernesto Meléndez
|
0-0: Ball 1-0: Ball 2-0: Ball 3-0: Base on Balls
|
Batting: RHB Lorenzo González
|
0-0: Ball 1-0: Ball 2-0: Called Strike 2-1: Foul Ball, location: 2F 2-2: Fly out, F4 (Line Drive, 4)
|
Batting: RHB Marvin Workman
|
0-0: Ball 1-0: Called Strike 1-1: Ball 2-1: Ball 3-1: Called Strike 3-2: Reached on error, E5 (Groundball, 56) Ernesto Meléndez to second
|
Batting: LHB Mike Williams
|
0-0: Foul Ball, location: 2F 0-1: Ball 1-1: Foul Ball, location: 2F 1-2: Strikes out swinging
|
Batting: RHB Ben Alexander
|
0-0: Ball 1-0: Foul Ball, location: 2F 1-1: Foul Ball, location: 2F 1-2: Ball 2-2: Strikes out swinging
|
Bottom of the 3rd over - 0 runs, 0 hits, 1 error, 2 left on base; Gresham 3 - Vancouver 3 |
TOP OF THE 4TH |
Gresham Gold Souls batting - Pitching for Vancouver Vipers : RHP Sergio Chávez
|
Batting: LHB Millard Dye
|
0-0: Ball 1-0: Ball 2-0: Fly out, F8 (Flyball, 8LS)
|
Batting: RHB Mario Méndez
|
0-0: Called Strike 0-1: Ball 1-1: Swinging Strike 1-2: Strikes out swinging
|
Batting: RHB David Hernández
|
0-0: DOUBLE (Flyball, 78XD)
|
Batting: LHB Jeff Douglas
|
0-0: SINGLE (Flyball, 78M) David Hernández to third Runner from 3rd tries for Home, SAFE, no throw
|
Batting: RHB Jared Thompson
|
0-0: Called Strike 0-1: Ball 1-1: Called Strike 1-2: Foul Ball, location: 2F 1-2: SINGLE (Line Drive, 56D) Jeff Douglas to second Jeff Douglas to third
|
Batting: LHB Jeff Forsyth
|
0-0: Ball 1-0: Called Strike 1-1: Ball 2-1: Foul Ball, location: 2F 2-2: Fly out, F9 (Flyball, 9S)
|
Top of the 4th over - 1 run, 3 hits, 0 errors, 2 left on base; Gresham 4 - Vancouver 3 |
BOTTOM OF THE 4TH |
Vancouver Vipers batting - Pitching for Gresham Gold Souls : RHP Mike Moyer
|
Batting: RHB Quincy Vance
|
0-0: Called Strike 0-1: Fly out, F9 (Flyball, 9)
|
Batting: LHB Brian Ford
|
0-0: Foul Ball, location: 2F 0-1: Foul Ball, location: 2F 0-2: Ball 1-2: Ball 2-2: Foul Ball, location: 2F 2-2: Foul Ball, location: 2F 2-2: SINGLE (Groundball, 34D)
|
Batting: RHB Horace Johnson
|
0-0: Ball 1-0: Grounds into double play, 6-4-3 (Groundball, 6)
|
Bottom of the 4th over - 0 runs, 1 hit, 0 errors, 0 left on base; Gresham 4 - Vancouver 3 |
TOP OF THE 5TH |
Gresham Gold Souls batting - Pitching for Vancouver Vipers : RHP Sergio Chávez
|
Batting: LHB Nick Scott
|
0-0: Ball 1-0: Ball 2-0: Ball 3-0: Base on Balls
|
Batting: LHB Caleb Hall
|
0-0: Ball 1-0: Foul Ball, location: 2F 1-1: Called Strike 1-2: Strikes out swinging
|
Batting: LHB Bill Smith
|
0-0: Ball 1-0: Called Strike 1-1: Ball 2-1: Ball 3-1: Foul Ball, location: 2F 3-2: SINGLE (Line Drive, 6M) Nick Scott to second
|
Batting: LHB Millard Dye
|
0-0: Foul Ball, location: 2F 0-1: Ball Nick Scott is caught stealing 3rd base Bill Smith to second 1-1: Ball 2-1: Called Strike 2-2: Foul Ball, location: 2F 2-2: Strikes out looking
|
Top of the 5th over - 0 runs, 1 hit, 0 errors, 1 left on base; Gresham 4 - Vancouver 3 |
BOTTOM OF THE 5TH |
Vancouver Vipers batting - Pitching for Gresham Gold Souls : RHP Mike Moyer
|
Batting: RHB Walton Smith
|
0-0: Ball 1-0: Ball 2-0: Foul Ball, location: 2F 2-1: Foul Ball, location: 2F 2-2: Ball 3-2: Foul Ball, location: 2F 3-2: Fly out, F8 (Flyball, 8LD)
|
Batting: LHB Ernesto Meléndez
|
0-0: Ball 1-0: Foul Ball, location: 2F 1-1: Called Strike 1-2: Fly out, F9 (Flyball, 9S)
|
Batting: RHB Lorenzo González
|
0-0: Ball 1-0: Ball 2-0: Swinging Strike 2-1: Ground out 6-3 (Groundball, 6)
|
Bottom of the 5th over - 0 runs, 0 hits, 0 errors, 0 left on base; Gresham 4 - Vancouver 3 |
TOP OF THE 6TH |
Gresham Gold Souls batting - Pitching for Vancouver Vipers : RHP Sergio Chávez
|
Pitching: RHP Javier Toledo
|
|
Batting: RHB Mario Méndez
|
0-0: Ball 1-0: Ball 2-0: Swinging Strike 2-1: Called Strike 2-2: Foul Ball, location: 2F 2-2: Foul Ball, location: 2F 2-2: Ground out 5-3 (Groundball, 5L)
|
Batting: RHB David Hernández
|
0-0: Ball 1-0: Foul Ball, location: 2F 1-1: Ball 2-1: Ground out 6-3 (Groundball, 56)
|
Batting: LHB Jeff Douglas
|
0-0: Called Strike 0-1: Ball 1-1: Ground out U3 (Groundball, 3)
|
Top of the 6th over - 0 runs, 0 hits, 0 errors, 0 left on base; Gresham 4 - Vancouver 3 |
BOTTOM OF THE 6TH |
Vancouver Vipers batting - Pitching for Gresham Gold Souls : RHP Mike Moyer
|
Batting: RHB Marvin Workman
|
0-0: Called Strike 0-1: Ball 1-1: Foul Ball, location: 2F 1-2: Ground out 5-3 (Groundball, 5S)
|
Batting: LHB Mike Williams
|
0-0: Called Strike 0-1: Ball 1-1: Ball 2-1: Ball 3-1: Fly out, F3 (Line Drive, 34)
|
Batting: RHB Ben Alexander
|
0-0: Foul Ball, location: 2F 0-1: Called Strike 0-2: Foul Ball, location: 2F 0-2: Strikes out looking
|
Bottom of the 6th over - 0 runs, 0 hits, 0 errors, 0 left on base; Gresham 4 - Vancouver 3 |
TOP OF THE 7TH |
Gresham Gold Souls batting - Pitching for Vancouver Vipers : RHP Javier Toledo
|
Batting: RHB Jared Thompson
|
0-0: Foul Ball, location: 2F 0-1: SINGLE (Groundball, 6MD)
|
Batting: LHB Jeff Forsyth
|
0-0: Ball 1-0: 2-RUN HOME RUN (Flyball, 89XD), Distance : 406 ft
|
Pitching: RHP Mark Greene
|
|
Batting: LHB Nick Scott
|
0-0: Called Strike 0-1: SINGLE (Line Drive, 8LS)
|
Batting: LHB Caleb Hall
|
0-0: Swinging Strike 0-1: Called Strike 0-2: Ball 1-2: Fielders Choice at 2nd, 4-6 (Groundball, 4MD)
|
Batting: LHB Bill Smith
|
0-0: Foul Ball, location: 2F 0-1: Foul Ball, location: 2F 0-2: SINGLE (Groundball, 34D) Caleb Hall to second Runner from 2nd tries for 3rd, SAFE, no throw
|
Batting: LHB Millard Dye
|
0-0: Ball 1-0: Foul Ball, location: 2F 1-1: Ball 2-1: Swinging Strike 2-2: Ball Throwing error on steal attempt, E2 Caleb Hall scores Bill Smith to third 3-2: Strikes out looking
|
Batting: RHB Mario Méndez
|
0-0: Ball 1-0: 2-RUN HOME RUN (Flyball, 78XD), Distance : 429 ft
|
Batting: RHB David Hernández
|
0-0: Foul Ball, location: 2F 0-1: Ball 1-1: Foul Ball, location: 2F 1-2: SINGLE (Groundball, 6MD)
|
Pitching: RHP Juan Zumaya
|
|
Batting: LHB Jeff Douglas
|
0-0: Foul Ball, location: 2F 0-1: Foul Ball, location: 2F 0-2: Ball Error on foul ball, E2 1-2: Ball Wild Pitch! David Hernández to second 2-2: Ball 3-2: Base on Balls
|
Batting: RHB Jared Thompson
|
0-0: Called Strike 0-1: Ball 1-1: Foul Ball, location: 2F 1-2: Ball 2-2: Strikes out swinging
|
Top of the 7th over - 5 runs, 6 hits, 2 errors, 2 left on base; Gresham 9 - Vancouver 3 |
BOTTOM OF THE 7TH |
Vancouver Vipers batting - Pitching for Gresham Gold Souls : RHP Mike Moyer
|
Pitching: RHP Jeff Hansen
|
|
Now at 2B: Augusto Baiano
|
|
Batting: RHB Quincy Vance
|
0-0: Ball 1-0: Ball 2-0: Ball 3-0: Called Strike 3-1: Foul Ball, location: 2F 3-2: Base on Balls
|
Batting: LHB Brian Ford
|
0-0: Called Strike 0-1: Called Strike 0-2: Foul Ball, location: 2F 0-2: Ball 1-2: Ball 2-2: Grounds into double play, 5-4-3 (Groundball, 56)
|
Batting: RHB Horace Johnson
|
0-0: Ball 1-0: Ball 2-0: Ball 3-0: Base on Balls
|
Batting: RHB Walton Smith
|
0-0: Foul Ball, location: 2F 0-1: Called Strike 0-2: Fly out, F7 (Line Drive, 78D)
|
Bottom of the 7th over - 0 runs, 0 hits, 0 errors, 1 left on base; Gresham 9 - Vancouver 3 |
TOP OF THE 8TH |
Gresham Gold Souls batting - Pitching for Vancouver Vipers : RHP Juan Zumaya
|
Batting: LHB Jeff Forsyth
|
0-0: Fly out, F6 (Popup, 6M)
|
Batting: LHB Nick Scott
|
0-0: Swinging Strike 0-1: Foul Ball, location: 2F 0-2: Ball 1-2: Foul Ball, location: 2F 1-2: Strikes out swinging
|
Batting: LHB Caleb Hall
|
0-0: Called Strike 0-1: Ground out 6-3 (Groundball, 6)
|
Top of the 8th over - 0 runs, 0 hits, 0 errors, 0 left on base; Gresham 9 - Vancouver 3 |
BOTTOM OF THE 8TH |
Vancouver Vipers batting - Pitching for Gresham Gold Souls : RHP Jeff Hansen
|
Now in CF: Gustavo Pagán
|
|
Batting: LHB Ernesto Meléndez
|
0-0: Ball 1-0: Ball 2-0: Ball 3-0: Base on Balls
|
Batting: RHB Lorenzo González
|
0-0: Ball 1-0: Called Strike 1-1: Foul Ball, location: 2F 1-2: Ball 2-2: Ball 3-2: Base on Balls Ernesto Meléndez to second
|
Batting: RHB Marvin Workman
|
0-0: Foul Ball, location: 2F 0-1: Ball 1-1: Called Strike 1-2: Ball 2-2: Ball 3-2: SINGLE (Groundball, 6S) (infield hit) Ernesto Meléndez to third Lorenzo González to second
|
Batting: LHB Mike Williams
|
0-0: Ball 1-0: Ball 2-0: Foul Ball, location: 2F 2-1: Ball 3-1: Base on Balls Ernesto Meléndez scores Lorenzo González to third Marvin Workman to second
|
Batting: RHB Ben Alexander
|
0-0: Called Strike 0-1: Foul Ball, location: 2F 0-2: Ball 1-2: Grounds into fielders choice 1-2 (Groundball, 15S) Marvin Workman to third Mike Williams to second
|
Batting: RHB Quincy Vance
|
0-0: DOUBLE (Line Drive, 7D) Marvin Workman scores Mike Williams scores Ben Alexander to third
|
Pitching: LHP Gabriel Rodríguez
|
|
Batting: LHB Brian Ford
|
0-0: Swinging Strike 0-1: Ball Wild Pitch! Ben Alexander scores Quincy Vance to third 1-1: Fly out, F3 (Line Drive, 3S)
|
Batting: RHB Horace Johnson
|
0-0: Called Strike 0-1: Foul Ball, location: 2F 0-2: Ball 1-2: Ball 2-2: Ground out 6-3 (Groundball, 6)
|
Bottom of the 8th over - 4 runs, 2 hits, 0 errors, 1 left on base; Gresham 9 - Vancouver 7 |
TOP OF THE 9TH |
Gresham Gold Souls batting - Pitching for Vancouver Vipers : RHP Juan Zumaya
|
Batting: RHB Gustavo Pagán
|
0-0: Ball 1-0: Ground out 5-3 (Groundball, 5L)
|
Batting: LHB Millard Dye
|
0-0: Called Strike 0-1: Called Strike 0-2: Foul Ball, location: 2F 0-2: Foul Ball, location: 2F 0-2: Ball 1-2: Strikes out swinging
|
Batting: RHB Mario Méndez
|
0-0: Ball 1-0: Fly out, F8 (Flyball, 8LD)
|
Top of the 9th over - 0 runs, 0 hits, 0 errors, 0 left on base; Gresham 9 - Vancouver 7 |
BOTTOM OF THE 9TH |
Vancouver Vipers batting - Pitching for Gresham Gold Souls : LHP Gabriel Rodríguez
|
Pitching: RHP Eusébio Lagarto
|
|
Batting: RHB Walton Smith
|
0-0: Fly out, F8 (Flyball, 8RM)
|
Batting: LHB Ernesto Meléndez
|
0-0: Called Strike 0-1: Ground out 4-3 (Groundball, 4)
|
Batting: RHB Lorenzo González
|
0-0: Called Strike 0-1: Ball 1-1: Swinging Strike 1-2: Ball 2-2: Ball 3-2: SINGLE (Line Drive, 4D)
|
Batting: RHB Marvin Workman
|
0-0: Fly out, F8 (Flyball, 8RD)
|
Bottom of the 9th over - 0 runs, 1 hit, 0 errors, 1 left on base; Gresham 9 - Vancouver 7 |
|